[Event "*** Titled Tuesday Blitz"]
[Site "Chess.com"]
[Date "2018.04.03"]
[Round "8"]
[White "nochewycandy"]
[Black "AndrewMcStone"]
[Result "1-0"]
[WhiteElo "2078"]
[BlackElo "2081"]
[TimeControl "180+2"]
[EndTime "14:44:17 PDT"]
[Termination "nochewycandy won by resignation"]

1. c4 Nf6 2. g3 Nc6 3. Bg2 e5 4. Nc3 g6 5. e4 Bg7 6. Nge2 O-O 7. O-O d6 8. f4 Be6 9. d3 Qd7 10. Kh1 Nh5 11. Nd5 f5 12. exf5 Bxf5 13. Be3 exf4 14. Nexf4 Nxf4 15. Nxf4 Rab8 16. d4 Nb4 17.
Rf2 g5 18. Nd5 Bg4 19. Qd2 Rxf2 20. Bxf2 Nxd5 21. Bxd5+ Be6 22. Qxg5 Re8 23. Re1 Qf7 24. Bxe6 Rxe6 25. Rxe6 Qxe6 26. b3 Qe4+ 27. Kg1 Qb1+ 28.
Kg2 Qxa2 29. Qd8+ Bf8 30. Qg5+ Bg7 31. Qd5+ Kf8 32. Qf5+ Ke7 33. Qxh7 Kf8 34. Qf5+ Ke7 35. Qe4+ Kd7 36. Qg4+ 1-0

[Event "*** Titled Tuesday Blitz"]
[Site "Chess.com"]
[Date "2018.04.03"]
[Round "8"]
[White "AkshatChandra"]
[Black "jefferyx"]
[Result "1-0"]
[WhiteElo "2821"]
[BlackElo "2752"]
[TimeControl "180+2"]
[EndTime "14:44:34 PDT"]
[Termination "AkshatChandra won by checkmate"]

1. e4 c5 2. Nf3 d6 3. d4 cxd4 4. Nxd4 Nf6 5. Nc3 a6 6. Be3 e5 7. Nf3 Qc7 8. a4 Be6 9. Be2 h6 10. O-O Qc6 11. Nd2 Nbd7 12. Re1 Be7 13. Bf3 O-O 14.
Nf1 Rfc8 15. Bd2 Bd8 16. Ne3 Bb6 17. Ncd5 Bxd5 18. exd5 Qc7 19. Nf5 Re8 20. a5 Ba7 21. Ra4 e4 22. Bxe4 Nc5 23. Rc4 Nfxe4 24. Qg4 g6 25. Rexe4 Rxe4 26. Nxh6+ Kh7 27. Rxe4 Nxe4 28.
Qxe4 Rc8 29. Qh4 g5 30. Bxg5 Kg6 31. g4 Bxf2+ 32. Qxf2 Kxg5 33. Nxf7+ Kg6 34. Qf5+ Kg7 35. Ng5 Qc5+ 36. Kh1 Kh6 37. Qf6# 1-0

[Event "*** Titled Tuesday Blitz"]
[Site "Chess.com"]
[Date "2018.04.03"]
[Round "8"]
[White "VerdeNotte"]
[Black "LastHeroJr"]
[Result "1-0"]
[WhiteElo "2644"]
[BlackElo "2442"]
[TimeControl "180+2"]
[EndTime "14:44:34 PDT"]
[Termination "VerdeNotte won by resignation"]

1. d4 Nf6 2. Bg5 d5 3. e3 c5 4. Nd2 Nc6 5. c3 e6 6. Bd3 Be7 7. f4 h6 8. Bxf6 Bxf6 9. Ngf3 g5 10. dxc5 gxf4 11. exf4 Qe7 12. Nb3 Bd7 13. O-O Na5 14. Ne5 Nxb3 15. axb3 Qxc5+ 16. Kh1 Qe7 17. Qe2 a6 18. b4 h5 19. Ra5 Rc8 20. b5 axb5 21.
Bxb5 Bxb5 22. Qxb5+ Kf8 23. Ra7 Rc7 24. Ra8+ Kg7 25.
Rxh8 Kxh8 26. Qe2 h4 27. Qh5+ Kg7 28. Ng4 Kf8 29. f5 e5 30. Qh6+ Bg7 31. f6 Bxh6 32.
fxe7+ Kxe7 33. Nxh6 f6 34. Nf5+ Ke6 35. Nxh4 d4 36.
cxd4 exd4 37. Nf3 d3 38. Rd1 Kf5 39. Rxd3 Ke4 40. Rc3 Rd7 41. h4 b5 42. Kh2 Kf4 43. Rb3 Rd5 44. Rb4+ Ke3 45. Kg3 f5 46. h5 f4+ 47. Kh4 Rd8 48. Rxb5 Kf2 49. Rf5 Kxg2 50. Rxf4 Rb8 51. Ne1+ Kg1 52. b4 1-0

[Event "*** Titled Tuesday Blitz"]
[Site "Chess.com"]
[Date "2018.04.03"]
[Round "8"]
[White "guillembaches"]
[Black "XiaoKangZhong"]
[Result "1-0"]
[WhiteElo "2219"]
[BlackElo "2007"]
[TimeControl "180+2"]
[EndTime "14:44:37 PDT"]
[Termination "guillembaches won by checkmate"]

1. d4 Nf6 2. Bf4 g6 3. Nc3 d5 4. e3 Bg7 5. h4 h5 6. Nf3 e6 7. Nb5 Na6 8. c3 Bd7 9. Ne5 O-O 10. a4 c6 11. Nd6 b6 12. Bxa6 Qe7 13. Nf3 Nh7 14. Be2 f6 15. Nb7 e5 16. Bg3 Bc8 17.
Na5 bxa5 18. c4 Qb4+ 19. Qd2 e4 20. Qxb4 axb4 21. Nd2 Rd8 22. Nb3 Be6 23. Rc1 Rac8 24. Na5 Rd7 25. Kd2 c5 26. cxd5 Rxd5 27. Bc4 cxd4 28.
Bxd5 dxe3+ 29. Ke2 Rxc1 30. Bxe6+ Kf8 31. Rxc1 Ke7 32.
Bg8 Nf8 33. Rc7+ Nd7 34. Nc6+ Ke8 35. Rc8# 1-0

[Event "*** Titled Tuesday Blitz"]
[Site "Chess.com"]
[Date "2018.04.03"]
[Round "8"]
[White "Parhamov"]
[Black "1random"]
[Result "1-0"]
[WhiteElo "2797"]
[BlackElo "2200"]
[TimeControl "180+2"]
[EndTime "14:44:38 PDT"]
[Termination "Parhamov won by resignation"]

1. g4 d5 2. Bg2 Bxg4 3. c4 e6 4. Qb3 Nf6 5. Qxb7 Nbd7 6. Nc3 Rb8 7. Qc6 Bd6 8. cxd5 exd5 9. Nxd5 Nxd5 10. Qxd5 O-O 11. Nf3 Re8 12. e3 Nf6 13. Qg5 c6 14. Nd4 Re5 15. Nxc6 Rxg5 16. Nxd8 Rxd8 17. d4 Bb4+ 18. Bd2 Rb5 19. Bxb4 Rxb4 20. b3 Rbb8 21. Rc1 Rbc8 22. Kd2 Rxc1 23. Rxc1 Rc8 24. Rc5 Rxc5 25. dxc5 Kf8 26. b4 Ke7 27. Kc3 Be6 28. a3 Bd5 29. f3 Kd7 30. e4 Be6 31. f4 Kc7 32.
Kd4 Bd7 33. Bf1 Bc6 34. Bd3 Nh5 35. Ke3 g6 36. b5 Bd7 37. a4 f5 38. e5 Ng7 39. a5 Ne6 40. c6 Be8 41. Bc4 Ng7 42.
Kd4 Nh5 43. Kc5 Nxf4 44. b6+ axb6+ 45. axb6+ Kd8 46. c7+ Kd7 47. e6+ Nxe6+ 48. Bxe6+ Kxe6 49. c8=Q+ Bd7 50. b7 1-0

[Event "*** Titled Tuesday Blitz"]
[Site "Chess.com"]
[Date "2018.04.03"]
[Round "8"]
[White "Bauxi435"]
[Black "ruvat"]
[Result "0-1"]
[WhiteElo "2413"]
[BlackElo "2282"]
[TimeControl "180+2"]
[EndTime "14:44:43 PDT"]
[Termination "ruvat won by resignation"]

1. d4 d6 2. c4 e5 3. Nf3 e4 4. Nfd2 f5 5. Nc3 Nf6 6. e3 g6 7. Be2 Bg7 8. h4 c5 9. d5 Nbd7 10. h5 O-O 11. hxg6 hxg6 12. f4 exf3 13. gxf3 Ne5 14.
Kf2 Bd7 15. Qg1 Qe7 16. Qh2 Rae8 17. Nf1 Kf7 18. Bd2 Rh8 19. Qg2 Rxh1 20. Qxh1 Rh8 21. Qg2 Nh5 22. Ng3 Nxg3 23. Qxg3 Qh4 24. Qxh4 Rxh4 25.
Kg3 Bf6 26. e4 g5 27. exf5 Bxf5 28. b3 a6 29. Bf1 Ng6 30. Re1 Be5+ 31. Kf2 Rh2+ 32.
Bg2 Nh4 33. Rg1 Bd4+ 34. Be3 Bxe3+ 35. Kxe3 Rxg2 36. Rh1 Rc2 37. Ne2 Ng2+ 38. Kf2 Nf4 39. Kg3 Nxe2+ 40. Kf2 0-1

[Event "*** Titled Tuesday Blitz"]
[Site "Chess.com"]
[Date "2018.04.03"]
[Round "8"]
[White "lachesisQ"]
[Black "GMHess"]
[Result "0-1"]
[WhiteElo "2898"]
[BlackElo "2559"]
[TimeControl "180+2"]
[EndTime "14:44:45 PDT"]
[Termination "GMHess won by resignation"]

1. e4 e5 2. Nf3 Nc6 3. d4 exd4 4. Nxd4 Nf6 5. Nxc6 bxc6 6. e5 Qe7 7. Qe2 Nd5 8. c4 Nb6 9. g3 Bb7 10. Bg2 O-O-O 11.
O-O f6 12. f4 fxe5 13. fxe5 Qc5+ 14. Be3 Qxc4 15. Qf2 Bb4 16. Nd2 Qb5 17. Nf3 Rhf8 18. a3 Be7 19. b4 Nc4 20. Bd4 g5 21. a4 Qd5 22. Bc3 g4 23. a5 a6 24. Rad1 Rxf3 25.
Bxf3 Qxf3 26. Qxf3 gxf3 27. Rxf3 c5 28. Rf7 Bg5 29. h4 Be3+ 30. Kh2 cxb4 31. Ba1 b3 32. Rb1 Nd2 33. Re1 Ba7 34. Kh3 h5 35. g4 Bd5 36.
e6 Bxe6 37. Rxe6 hxg4+ 38. Kxg4 dxe6 39. h5 Bd4 0-1

[Event "*** Titled Tuesday Blitz"]
[Site "Chess.com"]
[Date "2018.04.03"]
[Round "8"]
[White "Hikaru"]
[Black "Zaven_ChessMood"]
[Result "1-0"]
[WhiteElo "2988"]
[BlackElo "2811"]
[TimeControl "180+2"]
[EndTime "14:44:47 PDT"]
[Termination "Hikaru won by resignation"]

1. b3 e5 2. Bb2 Nc6 3. e3 Nf6 4. Bb5 Bd6 5. Na3 a6 6. Bxc6 dxc6 7. Nc4 e4 8. Ne2 O-O 9. h3 Re8 10. O-O b5 11. Nxd6 cxd6 12. Ng3 d5 13. f3 Qd6 14. Qe1 Ra7 15. Bxf6 Qxf6 16. fxe4 Qg6 17. exd5 cxd5 18. c3 a5 19. Rf4 a4 20. b4 a3 21. Kh2 Rae7 22. Ne2 Bf5 23. Qg3 Be4 24. Qxg6 hxg6 25. Nd4 Bd3 26. Nb3 f6 27. Nc5 Be4 28.
Rff1 g5 29. g4 Kf7 30. Kg3 Kg6 31. Rae1 Kf7 32. Rf2 Bg6 33. Rfe2 Rh8 34. Rh2 Rhe8 35. h4 gxh4+ 36. Rxh4 Rc8 37. Reh1 Ra7 38. g5 fxg5 39.
Rg4 Be4 40. Nxe4 dxe4 41. Rxe4 Rd8 42. Rf1+ Kg6 43. Rf2 Ra6 44. Rd4 Rh8 45. Rd5 Rh1 46.
Rxb5 Rb1 47. Ra5 Rd6 48. Rxa3 Rg1+ 49. Rg2 Rh1 50. b5 Rf6 51. Ra6 Rb1 52. c4 Kf5 53. Rf2+ Ke5 54. d4+ Ke4 55. Raxf6 gxf6 56. Rxf6 1-0

[Event "*** Titled Tuesday Blitz"]
[Site "Chess.com"]
[Date "2018.04.03"]
[Round "8"]
[White "2Tilted"]
[Black "SamCopeland"]
[Result "1-0"]
[WhiteElo "2257"]
[BlackElo "2008"]
[TimeControl "180+2"]
[EndTime "14:44:53 PDT"]
[Termination "2Tilted won by resignation"]

1. d4 Nf6 2. Nf3 d5 3. c4 c6 4. Nbd2 Bf5 5. Nh4 Bg6 6. g3 e6 7. Bg2 Bd6 8. O-O Nbd7 9. Nxg6 hxg6 10. Qc2 O-O 11. e4 dxe4 12. Nxe4 Nxe4 13. Qxe4 Nf6 14. Qe2 Qa5 15. a3 Rfd8 16. Bd2 Qf5 17. Bc3 Bc7 18.
Rfe1 Bb6 19. Rad1 Rd7 20. Rd3 Rad8 21. Red1 g5 22. h3 Kf8 23. b4 Kg8 24. a4 Bc7 25.
R3d2 Bb6 26. b5 c5 27. dxc5 Bxc5 28. Rxd7 Rxd7 29. Rxd7 Nxd7 30. Bxb7 Qb1+ 31. Kh2 Qb3 32. Qd2 Bxf2 33. Qxf2 Qxc3 34. Qxa7 Qxc4 35. Bg2 Nf6 36.
b6 Qb3 37. b7 Nh5 38. b8=Q+ Kh7 39. Qxb3 1-0

[Event "*** Titled Tuesday Blitz"]
[Site "Chess.com"]
[Date "2018.04.03"]
[Round "8"]
[White "Tramontanaaa"]
[Black "Noukii"]
[Result "0-1"]
[WhiteElo "2367"]
[BlackElo "2595"]
[TimeControl "180+2"]
[EndTime "14:44:57 PDT"]
[Termination "Noukii won by resignation"]

1. e4 c6 2. Nc3 d5 3. Nf3 Nf6 4.
e5 Ne4 5. Ne2 Qb6 6. d4 Bf5 7.
Nh4 Be6 8. f3 g5 9. fxe4 gxh4 10. Nf4 Bd7 11. e6 Bxe6 12. Nxe6 fxe6 13. Qh5+ Kd7 14.
exd5 cxd5 15. Qxh4 Bg7 16. c3 Bf6 17. Qg4 Nc6 18. Bd3 Rhg8 19. Qh3 Raf8 20. Kd1 Kd8 21. Qxe6 Bh8 22. Qxd5+ Kc8 23. Bf5+ Kb8 24. Kc2 e5 25. Be6 Rd8 26. Qe4 Nxd4+ 27. cxd4 Qxe6 28. dxe5 Rxg2+ 29. Kb1 Rg4 30. Qxh7 Qxe5 31. Rf1 Rc8 32. Rf2 Rxc1+ 33. Kxc1 Qe1+ 34. Kc2 Qxf2+ 35. Kd3 Qf3+ 0-1

[Event "*** Titled Tuesday Blitz"]
[Site "Chess.com"]
[Date "2018.04.03"]
[Round "8"]
[White "OparinGrigoriy"]
[Black "Zufi1811"]
[Result "1-0"]
[WhiteElo "2830"]
[BlackElo "2464"]
[TimeControl "180+2"]
[EndTime "14:44:59 PDT"]
[Termination "OparinGrigoriy won on time"]

1. e4 c5 2. Nf3 d6 3. Nc3 Nf6 4. d4 cxd4 5. Nxd4 a6 6. g3 e5 7. Nf3 Be7 8. Bg2 O-O 9. Nh4 Nbd7 10. Nf5 Nc5 11. Ne3 b5 12. O-O Bb7 13. Ned5 Nxd5 14. Nxd5 Bg5 15. f4 Bh6 16. Be3 Ne6 17. Qd2 exf4 18.
gxf4 Rc8 19. c3 Nc5 20. Rad1 Re8 21. Qd4 Qh4 22. Bf2 Qh5 23. f5 Bxd5 24. Qxd5 Bf4 25. h3 Be5 26. f6 gxf6 27. Kh1 Kh8 28. Bd4 Rg8 29. Rd2 Rg5 30. Bxe5 dxe5 31. Rxf6 Ne6 32.
Qb7 Rf8 33. Qe7 Rgg8 34. Rf5 Qh6 35. Rdf2 Rg7 36. Rxe5 1-0

[Event "*** Titled Tuesday Blitz"]
[Site "Chess.com"]
[Date "2018.04.03"]
[Round "8"]
[White "PchelkinVK"]
[Black "Jospem"]
[Result "0-1"]
[WhiteElo "2397"]
[BlackElo "2729"]
[TimeControl "180+2"]
[EndTime "14:45:06 PDT"]
[Termination "Jospem won by resignation"]

1. d4 Nf6 2. Nc3 d5 3. Bf4 e6 4. a3 a6 5. e3 Nbd7 6. Nf3 c5 7. Be2 Be7 8. O-O Nh5 9. Be5 Nxe5 10. Nxe5 Nf6 11. f4 O-O 12. Kh1 Qc7 13. Bf3 Rb8 14. Ne2 b5 15. c3 b4 16. axb4 cxb4 17.
c4 dxc4 18. Rc1 Bb7 19. Rxc4 Qb6 20. Qc2 Nd5 21. Bxd5 Bxd5 22. Nc6 Qb7 23. Nxe7+ Qxe7 24. Rc7 Qd6 25. e4 Bxe4 26. Qc5 Rfd8 27. Rc1 h5 28. Kg1 Qd5 29. Qxd5 Bxd5 30. Kf2 a5 31. Ra7 Ra8 32. Rcc7 Rxa7 33. Rxa7 Ra8 34. Rxa8+ Bxa8 35. g3 Kh7 36. Ke3 Kg6 37. Nc1 Kf5 38. Nd3 f6 39.
Nc5 Bd5 40. Nd7 a4 0-1

[Event "*** Titled Tuesday Blitz"]
[Site "Chess.com"]
[Date "2018.04.03"]
[Round "8"]
[White "ViktorMatviishen"]
[Black "TST2014"]
[Result "0-1"]
[WhiteElo "2552"]
[BlackElo "2354"]
[TimeControl "180+2"]
[EndTime "14:45:07 PDT"]
[Termination "TST2014 won by resignation"]

1. d4 d6 2. c4 e5 3. Nf3 Nd7 4. Nc3 Ngf6 5. e4 Be7 6. g3 O-O 7. Bg2 c6 8. O-O Qc7 9. Re1 a6 10. a4 a5 11. Be3 Ng4 12. Bc1 Re8 13. h3 Ngf6 14. Be3 Bf8 15. Qc2 h6 16. Rad1 g6 17. c5 dxc5 18. dxe5 Nxe5 19. Nxe5 Qxe5 20. Bf4 Qe6 21.
e5 Nd7 22. Ne4 g5 23. Bd2 Nxe5 24. Bc3 Qg6 25. Bxe5 Rxe5 26. Rd8 f5 27. Qc3 Re6 28. Nxc5 Rxe1+ 29. Qxe1 Qf6 30. Qe8 Bd7 31. Nxd7 Qxd8 32. Qg6+ Bg7 33. Qxf5 Qe7 34. Bf1 Rd8 35. Bc4+ Kh8 36.
Be6 Re8 37. Bf7 Qe1+ 38. Kg2 Qe4+ 39. Qxe4 Rxe4 40. Nc5 Rb4 41. b3 Bf8 42. Nd7 Bd6 43.
Be6 b5 44. Nb6 Kg7 45. Kf3 Kf6 46. Bg8 Ke5 47. Ke3 Bc5+ 48. Kd3 Bxb6 0-1

[Event "*** Titled Tuesday Blitz"]
[Site "Chess.com"]
[Date "2018.04.03"]
[Round "8"]
[White "WinnerOleg"]
[Black "Jbd735"]
[Result "1-0"]
[WhiteElo "2345"]
[BlackElo "2219"]
[TimeControl "180+2"]
[EndTime "14:45:08 PDT"]
[Termination "WinnerOleg won on time"]

1. b3 d5 2. Bb2 Nf6 3. e3 c6 4. f4 Bg4 5. Nf3 e6 6. Qe2 Nbd7 7. h3 Bxf3 8. Qxf3 a5 9. a4 Qb6 10. Be2 Be7 11. O-O O-O 12. d3 Bc5 13. d4 Bb4 14. c3 Bd6 15. Nd2 c5 16. Bb5 Rad8 17. c4 Be7 18. Kh1 dxc4 19. Nxc4 Qc7 20. Rac1 Qb8 21. Nxa5 cxd4 22. Bxd4 e5 23. Bb2 e4 24.
Qf2 Nc5 25. Bxf6 gxf6 26. Rfd1 Qa7 27. b4 Nd3 28. Bxd3 exd3 29. Rc4 Rd7 30. f5 Rfd8 31.
Rd2 Bxb4 32. Rxb4 Qxa5 33. Rg4+ Kh8 34. Rd4 Rxd4 35. exd4 Qd5 36. Rxd3 Ra8 37. Qb2 Rxa4 38. Qf2 Ra2 39. Qg3 Ra1+ 40. Kh2 1-0

[Event "*** Titled Tuesday Blitz"]
[Site "Chess.com"]
[Date "2018.04.03"]
[Round "8"]
[White "AndrewDGreen"]
[Black "RandomOracle"]
[Result "1-0"]
[WhiteElo "2128"]
[BlackElo "2136"]
[TimeControl "180+2"]
[EndTime "14:45:09 PDT"]
[Termination "AndrewDGreen won on time"]

1. d4 Nf6 2. Nf3 c5 3. d5 e6 4. c4 exd5 5. cxd5 d6 6. Nc3 g6 7. Bf4 a6 8. a4 Bg7 9. h3 O-O 10. e3 Qe7 11. Nd2 Nbd7 12. Nc4 Ne8 13. Be2 Ne5 14. Nb6 Rb8 15. Nxc8 Rxc8 16. O-O Nc7 17. a5 Rb8 18. Qc2 b5 19. axb6 Rxb6 20. Ra2 Rfb8 21. Re1 Rb4 22. Bg3 Nc4 23. Bxc4 Rxc4 24. Qd3 Rcb4 25.
Re2 Rb3 26. Qc2 Bxc3 27. bxc3 Nxd5 28. Rxa6 Nxc3 29. Rd2 Ne4 30. Bxd6 Nxd6 31. Raxd6 Qe5 32. Rd1 Rb2 33. Qc4 R8b4 34. Qd5 Qxd5 35. R6xd5 c4 36.
Rc5 1-0

[Event "*** Titled Tuesday Blitz"]
[Site "Chess.com"]
[Date "2018.04.03"]
[Round "8"]
[White "SanQui14"]
[Black "pulvettd"]
[Result "0-1"]
[WhiteElo "2228"]
[BlackElo "2441"]
[TimeControl "180+2"]
[EndTime "14:45:11 PDT"]
[Termination "pulvettd won by resignation"]

1. e4 Nc6 2. Nf3 d6 3. d4 Nf6 4. Nc3 Bg4 5. Be2 g6 6. O-O Bg7 7. Be3 O-O 8. h3 Bxf3 9. Bxf3 a6 10. Qd2 Re8 11. Rad1 e5 12. dxe5 Nxe5 13. Be2 b5 14.
f3 Nh5 15. Bf2 Rb8 16. a4 Nc4 17. Bxc4 bxc4 18. Rb1 Be5 19. Qe2 Nf4 20. Qxc4 Qg5 21. g4 Nxh3+ 22. Kg2 Qf4 23. Rh1 Nxf2 24. Kxf2 Qg3+ 25.
Ke2 Qg2+ 26. Ke3 Qxc2 27. Rxh7 Re6 28. Qxc7 Rf8 29. Rbh1 g5 30. Nd5 Bf4+ 31. Nxf4 gxf4+ 32. Kxf4 Qxc7 33. Rh8+ Kg7 34. R1h7+ Kf6 35. Rxf8 d5+ 36.
Ke3 dxe4 37. Rfxf7+ Qxf7 38. g5+ Ke7 39. g6 Rxg6 40.
Rxf7+ Kxf7 41. fxe4 Rb6 0-1

[Event "*** Titled Tuesday Blitz"]
[Site "Chess.com"]
[Date "2018.04.03"]
[Round "8"]
[White "denizozen"]
[Black "ShimanovAlex"]
[Result "0-1"]
[WhiteElo "2639"]
[BlackElo "2718"]
[TimeControl "180+2"]
[EndTime "14:45:13 PDT"]
[Termination "ShimanovAlex won by resignation"]

1. e4 c6 2. d4 d5 3. Nc3 a6 4. Nf3 dxe4 5. Nxe4 Nf6 6. Nxf6+ exf6 7. Bd3 Bd6 8. O-O O-O 9. c3 Qc7 10. h3 Rd8 11.
Qc2 h6 12. Re1 Nd7 13. Bd2 Nf8 14. Re2 Be6 15. c4 b5 16. b3 Bf4 17. Bxf4 Qxf4 18.
Rae1 Rac8 19. Re4 Qd6 20. R4e3 Qb4 21. R3e2 a5 22. Bf5 Bxf5 23. Qxf5 bxc4 24. bxc4 Qxc4 25. Rc2 Qd5 26. Qxd5 cxd5 27. Rec1 Rxc2 28. Rxc2 Ne6 29. Rc6 Rb8 30. Ra6 Rb1+ 31. Kh2 Rb2 32. Rxa5 Rxf2 33. a4 g5 34. Kg1 Ra2 35. g3 Kg7 36. Rxd5 Rxa4 37. Rd7 Ra2 38. d5 Nc5 39. Rd8 Ne4 40.
g4 f5 41. Nd4 f4 42. Nf5+ Kf6 43. Nxh6 f3 44. Rf8 f2+ 45. Kg2 Kg7 46. Rxf7+ Kxh6 47.
d6 Rd2 48. d7 Kg6 49. Re7 Ng3 50.
Re6+ Kg7 51. Re7+ Kf6 0-1

[Event "*** Titled Tuesday Blitz"]
[Site "Chess.com"]
[Date "2018.04.03"]
[Round "8"]
[White "Vincent_Vega95"]
[Black "Korchmar_Vasiliy"]
[Result "0-1"]
[WhiteElo "2553"]
[BlackElo "2672"]
[TimeControl "180+2"]
[EndTime "14:45:17 PDT"]
[Termination "Korchmar_Vasiliy won by resignation"]

1. Nf3 c5 2. c4 Nc6 3. d4 cxd4 4. Nxd4 Nf6 5. Nc3 Qb6 6. Nb3 e6 7. e3 d5 8. cxd5 exd5 9. Be2 Be7 10. O-O O-O 11.
Bd2 Bf5 12. Rc1 Rac8 13. Na4 Qc7 14. Bc3 Rfd8 15. Nd4 Bd7 16. Nxc6 Qxc6 17. b3 Qe6 18. Bd4 Ne4 19. f3 Rxc1 20. Qxc1 Rc8 21. Qb2 Nd6 22. Nc5 Nc4 23. Nxe6 Nxb2 24. Nf4 Rc2 25. Rb1 Ba3 26. Kf1 Bf5 27. Re1 Be6 28. h4 Bc5 29. Rb1 Bxd4 30. exd4 Kf8 31. g4 Rd2 32. Ke1 Rc2 33.
Ng2 Nd3+ 34. Bxd3 Rxg2 35. Be2 h5 36. Rc1 hxg4 37. fxg4 Bxg4 38. Bxg4 Rxg4 39. Rc7 Rxh4 40. Rxb7 Rh1+ 41. Kf2 Rh2+ 42. Kf3 Rxa2 43. Kf4 g6 44. Ke5 Kg7 45. Kxd5 g5 46. Kc6 g4 47. d5 g3 48.
Rb4 f5 49. Rd4 g2 50. Rd1 Rc2+ 51. Kb7 Kf7 0-1

[Event "*** Titled Tuesday Blitz"]
[Site "Chess.com"]
[Date "2018.04.03"]
[Round "8"]
[White "nubair1198"]
[Black "Mistheoretical"]
[Result "1-0"]
[WhiteElo "2567"]
[BlackElo "2299"]
[TimeControl "180+2"]
[EndTime "14:45:25 PDT"]
[Termination "nubair1198 won by resignation"]

1. d4 Nf6 2. c4 Nc6 3. d5 Ne5 4.
e4 e6 5. f4 Ng6 6. dxe6 fxe6 7.
Bd3 Bb4+ 8. Nc3 Bxc3+ 9. bxc3 d6 10. Nf3 e5 11. f5 Nf8 12. g4 N8d7 13. g5 Nh5 14. Nxe5 Nxe5 15. Qxh5+ g6 16. fxg6 Nxg6 17. e5 O-O 18. Bxg6 hxg6 19. Qxg6+ Kh8 20. Qh6+ Kg8 21.
g6 Qe7 22. Be3 Bg4 23. Rg1 Bf3 24. exd6 cxd6 25. Kd2 Rae8 26. Rae1 Qg7 27. Qh4 Re4 28. Qh6 Qxh6 29. Bxh6 Rf6 30. Ref1 Ree6 31. Be3 Be4 32.
Rxf6 Rxf6 33. g7 Rf7 34. Bd4 Bf5 35. Re1 Bd7 36. Re4 b6 37. Rh4 Rxg7 38. Bxg7 Kxg7 39. Rd4 Be6 40. Rxd6 Bxc4 41. Rd7+ Kg6 42. Rxa7 b5 43. a3 Kh6 44. Rc7 Bf1 45. Ke3 Kg6 46. Kd4 Kh6 47. Kc5 Kg6 48. Rb7 Kh6 49. Rxb5 1-0

[Event "*** Titled Tuesday Blitz"]
[Site "Chess.com"]
[Date "2018.04.03"]
[Round "8"]
[White "pKiLz5Rn9b"]
[Black "schoolmeester"]
[Result "0-1"]
[WhiteElo "2644"]
[BlackElo "2717"]
[TimeControl "180+2"]
[EndTime "14:45:29 PDT"]
[Termination "schoolmeester won by checkmate"]

1. e4 Nc6 2. Nf3 d6 3. d4 Nf6 4.
Nc3 g6 5. h3 Bg7 6. Be3 O-O 7.
Qd2 e5 8. dxe5 Nxe5 9. Be2 Re8 10. Rd1 Nc6 11. Bd3 d5 12. Bb5 Nxe4 13. Nxe4 Rxe4 14. O-O a6 15. Bxc6 bxc6 16. Bd4 Bxd4 17. Nxd4 Qd6 18. Qc3 Bd7 19. Nb3 Bf5 20. Nd4 Bd7 21.
Nb3 Rc4 22. Qd2 Re8 23. Rfe1 Rce4 24. Rxe4 Rxe4 25. Qa5 Rc4 26. c3 c5 27. Qa3 Bb5 28. Nd2 Ra4 29. Qb3 Rf4 30. Re1 Kg7 31. Qc2 Qf6 32. Nf3 Bd7 33. Nh2 h5 34. Qd2 Be6 35.
Nf1 d4 36. Ng3 Bd5 37. c4 Bc6 38. f3 h4 39. Ne2 Rxf3 40. gxf3 Qxf3 41. Qg5 Qh1+ 42. Kf2 Qh2+ 43. Kf1 Qxh3+ 44. Kf2 Qf3+ 45. Kg1 d3 46. Nc3 d2 47. Qxd2 Qh1+ 48. Kf2 Qg2+ 49.
Ke3 Qf3# 0-1

[Event "*** Titled Tuesday Blitz"]
[Site "Chess.com"]
[Date "2018.04.03"]
[Round "8"]
[White "GasconJR"]
[Black "Gattass"]
[Result "1-0"]
[WhiteElo "2330"]
[BlackElo "2205"]
[TimeControl "180+2"]
[EndTime "14:45:29 PDT"]
[Termination "GasconJR won by checkmate"]

1. e4 c5 2. Nf3 Nf6 3. e5 Nd5 4. Nc3 Nb6 5. a4 a5 6. Bb5 g6 7. O-O Bg7 8. d4 cxd4 9. Qxd4 Nc6 10. Qf4 O-O 11. Re1 Nb4 12. Re2 d6 13. exd6 Qxd6 14.
Qxd6 exd6 15. Bf4 Rd8 16. Be3 N6d5 17. Nxd5 Nxd5 18. Bd4 Bg4 19. Bxg7 Kxg7 20. Rd2 Bxf3 21. gxf3 Ne7 22. Rad1 Nf5 23. Bd3 Nh4 24. Be4 f5 25. Bd5 Rac8 26. Re1 Rc7 27. Rde2 Kf6 28. f4 Rdd7 29.
c3 Kg7 30. Re8 Kh6 31. R1e3 Kh5 32. Rh3 Re7 33. Rxe7 Rxe7 34. Bf3+ Kh6 35. Rxh4+ Kg7 36. Rh3 Re1+ 37. Kg2 Rb1 38. Bxb7 Rxb2 39. Bc6 Rd2 40. Bb5 Rc2 41. Rd3 Kh6 42. c4 Kh5 43. Kg3 h6 44. Rxd6 g5 45. Be8# 1-0

[Event "*** Titled Tuesday Blitz"]
[Site "Chess.com"]
[Date "2018.04.03"]
[Round "8"]
[White "petrpalachev"]
[Black "GM_dmitrij"]
[Result "1-0"]
[WhiteElo "2606"]
[BlackElo "2686"]
[TimeControl "180+2"]
[EndTime "14:45:31 PDT"]
[Termination "petrpalachev won by checkmate"]

1. d4 d5 2. Nf3 Nf6 3. c4 e6 4.
Nc3 Bb4 5. Qa4+ Nc6 6. e3 O-O 7. Qc2 Bd6 8. a3 b6 9. cxd5 exd5 10. Nxd5 Nxd5 11. Qxc6 Rb8 12. Be2 Bb7 13. Qc2 c5 14.
dxc5 Rc8 15. b4 bxc5 16. b5 Qf6 17. Bb2 Qh6 18. h3 c4 19. Bd4 Nc7 20. a4 Bb4+ 21. Kf1 a6 22. Qxc4 Nd5 23. Qb3 axb5 24. axb5 Bc3 25. Re1 Bxe1 26. Kxe1 Qg6 27. Ne5 Qxg2 28. Bf3 Qg5 29. Bxd5 Rc1+ 30. Kd2 Rxh1 31. Bxb7 Rh2 32. Ke2 Qg1 33. Nd3 Rh1 34. Bxh1 Qxh1 35. Nf4 Qb7 36. b6 h6 37. Qd5 Qa6+ 38. Kf3 Rc8 39.
Ng6 Re8 40. Ne5 Rf8 41. b7 Qf1 42. Kg3 Qg1+ 43. Qg2 Qb1 44. Nd7 Qg6+ 45. Kh2 Qd6+ 46. Qg3 Qxd7 47. Qxg7# 1-0

[Event "*** Titled Tuesday Blitz"]
[Site "Chess.com"]
[Date "2018.04.03"]
[Round "8"]
[White "biostatistician"]
[Black "Danny_The_Donkey"]
[Result "0-1"]
[WhiteElo "2458"]
[BlackElo "2649"]
[TimeControl "180+2"]
[EndTime "14:45:40 PDT"]
[Termination "Danny_The_Donkey won by resignation"]

1. d4 Nf6 2. Nf3 e6 3. c4 Bb4+ 4. Nbd2 d5 5. a3 Be7 6. e3 O-O 7. b3 b6 8. Bb2 Bb7 9. Bd3 Nbd7 10. O-O c5 11. Qe2 Rc8 12. Rac1 h6 13. Rfd1 cxd4 14. exd4 Bd6 15. Ne5 Qe7 16. a4 Ba3 17. Ndf3 Bxb2 18.
Qxb2 Rfd8 19. h3 Nb8 20. Qa1 Na6 21. a5 Nb4 22. Bb1 Qd6 23. Qa3 Ne4 24. c5 bxc5 25. dxc5 Rxc5 26. Rxc5 Qxc5 27. Bxe4 f6 28. Ng6 Rc8 29.
Bb1 e5 30. Nfh4 e4 31. Nf5 Kh7 32. Nf4 g6 33. Ne3 f5 34. Ne6 Qd6 35. Nd4 Qc5 36.
g3 h5 37. h4 f4 38. Ne6 Qc3 39. Nxf4 d4 40. Neg2 e3 41. Bxg6+ Kh6 42. fxe3 dxe3 43. Bxh5 Bxg2 44. Nxg2 Kxh5 45. Re1 Nc2 46. Re2 Nxa3 47. Rxe3 Qxe3+ 48. Nxe3 Rc3 0-1

[Event "*** Titled Tuesday Blitz"]
[Site "Chess.com"]
[Date "2018.04.03"]
[Round "8"]
[White "BartoszSocko"]
[Black "Kangoroo3000"]
[Result "1-0"]
[WhiteElo "2563"]
[BlackElo "2403"]
[TimeControl "180+2"]
[EndTime "14:45:41 PDT"]
[Termination "BartoszSocko won by resignation"]

1. e4 e6 2. d4 d5 3. exd5 exd5 4. Bd3 Bd6 5. Nc3 Nf6 6. Bg5 c6 7. Qf3 h6 8. Bxf6 Qxf6 9. Qxf6 gxf6 10. Nge2 Be6 11. Ng3 Nd7 12. Nf5 Bc7 13. Ne2 O-O-O 14. Kd2 Nb6 15. b3 h5 16. g3 Nd7 17. h4 c5 18. c3 c4 19. Bc2 cxb3 20. axb3 Kb8 21. Nc1 b6 22. Ne3 Kb7 23. Nd3 Nb8 24. b4 Nc6 25. Ba4 Ne7 26. b5 f5 27. Bb3 Ng6 28.
f4 Ne7 29. Ra2 Ng8 30. Rha1 Ra8 31. Bxd5+ Bxd5 32. Nxd5 Bd6 33. c4 Ne7 34. Nxe7 Bxe7 35. c5 Rhg8 36. c6+ Kb8 37. Ne5 Bb4+ 38. Kc2 a5 39. bxa6 Rxg3 40. Nxf7 Rf3 41. Rg1 Kc7 42.
Ne5 Rxf4 43. Rg7+ Kd6 44. Rd7+ Ke6 45. c7 Bd6 46. Rd8 Bxc7 47. Rxa8 Rxd4 48. Re8+ Kd5 49. a7 1-0